 Dungeon Crawl Stone Soup version 0.31-a0-986-g5e6e4ef867 (webtiles) character file.

Game seed: 12976732975273967456

179 Dittersdorf the Trooper (level 5, -2/42 HPs)
             Began as a Human Fighter on Nov 9, 2023.
             Killed from afar by an orc wizard (8 damage)
             ... with a magic dart
             ... on level 3 of the Dungeon.
             The game lasted 00:02:36 (2897 turns).

Dittersdorf the Trooper (Human Fighter)             Turns: 2897, Time: 00:02:37

Health: -2/42      AC:  6    Str: 19    XL:     5   Next: 90%
Magic:  5/5        EV: 10    Int: 11    God:
Gold:   61         SH:  5    Dex: 12    Spells: 4/4 levels left

rFire   . . .        a - +0 long sword
rCold   . . .        c - +0 buckler
rNeg    . . .        h - +3 leather armour "Orheb" {Int+3 Stlth+}
rPois   .            (no helmet)
rElec   .            (no cloak)
rCorr   .            (no gloves)
SInv    .            (no boots)
Will    .....        (no amulet)
Stlth   ++           (no ring)
HPRegen 0.27/turn    (no ring)
MPRegen 0.09/turn

%: no passive effects
@: no status effects
A: no striking features
a: no special abilities


You were on level 3 of the Dungeon.
You visited 1 branch of the dungeon, and saw 3 of its levels.

You collected 61 gold pieces.

Inventory:

Hand Weapons
 a - a +0 long sword (weapon)
Armour
 c - a +0 buckler (worn)
 f - a +0 chain mail
 h - the +3 leather armour "Orheb" (worn) {Int+3 Stlth+}
   (You found it on level 2 of the Dungeon)

   Int+3:     It affects your intelligence (+3).
   Stlth+:    It makes you more stealthy.
Scrolls
 b - 2 scrolls of identify {unknown}
 e - 2 scrolls of teleportation {unknown}
 j - 2 scrolls of revelation {unknown}
 k - a scroll of silence {unknown}
 m - a scroll of immolation {unknown}
Potions
 d - 2 potions of might
 g - a potion of cancellation {unknown}
 i - a potion of mutation {unknown}
 l - a potion of curing {unknown}
 n - a potion of heal wounds {unknown}


   Skills:
 + Level 4.0 Fighting
 + Level 3.2 Long Blades
 + Level 3.9 Armour
 + Level 3.9 Shields


You had 4 spell levels left.
You didn't know any spells.
Your spell library contained the following spells:

 Spells                   Type           Power      Damage    Failure   Level
 Magic Dart               Conj           0%         1d3       45%         1
 Searing Ray              Conj           0%         2d4       61%         2
 Animate Dead             Necr           0%         N/A       99%         4
 Fulminant Prism          Conj/Hex       0%         3d5       99%         4
 Borgnjor's Vile Clutch   Necr/Erth      0%         N/A       100%        5
 Death Channel            Necr           0%         N/A       100%        6


Dungeon Overview and Level Annotations

Branches:
Dungeon (3/15)

Altars:
Ashenzari

Shops:
D:1 *


Message History

You hit the orc.
The orc is heavily wounded.
The orc hits you but does no damage.
The orc wizard gestures at you while chanting.
The puff of flame hits you.
* * * LOW HITPOINT WARNING * * *
You hit the orc.
The orc is almost dead.
You block the orc's attack.
The orc wizard hits you but does no damage.
You hit the orc but do no damage.
The orc is almost dead.
The orc barely misses you. The orc wizard barely misses you.
The orc closely misses you.
You completely miss the orc.
The orc is almost dead.
The orc wizard casts a spell.
The orc wizard flickers and vanishes!
Deactivating autopickup; reactivate with Ctrl-A.
The orc barely misses you. Something hits you but does no damage.
You slash the orc!
You kill the orc!
Something hits you.
* * * LOW HITPOINT WARNING * * *
You hit the orc.
The orc is moderately wounded.
You hear some strange, mumbled words.
Something tries to affect you, but you resist.
You block the orc's attack.
You slash the orc!
You kill the orc!
Something hits you but does no damage. Something hits you.
* * * LOW HITPOINT WARNING * * *
Things that are here:
a +0 dagger; a +0 hand axe; an orc corpse You closely miss something.
You hear some strange, mumbled words.
A magic dart appears from out of thin air!
The magic dart hits you!
You die...

#.# ##.## #####...##
#+# ........# #.#
##.#.....!# #.#
#.........# ##.##
#...#####...## #
#{###........#
#.##@###..)#...##
#.........###..######
####.###.## ##.......
#.####.#
#..###..######
#......# ##..#...#
###########.#.#..#
#.....[........#
#.#######.###.## #.#
#.###.##


There were no monsters in sight!

Vanquished Creatures
  An orc wizard (D:3)
  7 adders
  3 worms (D:2)
  3 dart slugs
  3 orcs (D:3)
  5 ball pythons
  6 bats
  7 endoplasms
  5 giant cockroaches
  8 goblins
  2 hobgoblins (D:1)
  4 jackals (D:2)
  4 quokkas
  2 frilled lizards
  3 kobolds (D:2)
  5 rats
68 creatures vanquished.

Notes
Turn   | Place    | Note
-------+----------+-------------------------------------------
     0 | D:1      | Dittersdorf the Human Fighter began the quest for the Orb.
     0 | D:1      | Reached XP level 1. HP: 18/18 MP: 1/1
    73 | D:1      | Reached XP level 2. HP: 19/24 MP: 2/2
   329 | D:1      | Reached XP level 3. HP: 28/29 MP: 3/3
   383 | D:1      | Found Adou's Assorted Antiques.
   838 | D:2      | Identified the +3 leather armour "Orheb" {Int+3 Stlth+}
  1106 | D:2      | Reached XP level 4. HP: 27/35 MP: 4/4
  1828 | D:2      | Reached XP level 5. HP: 42/42 MP: 5/5
  2439 | D:3      | Found a broken altar of Ashenzari.
  2602 | D:3      | Reached skill level 4 in Fighting
  2897 | D:3      | Killed from afar by an orc wizard

Illustrated notes

Levels and vault maps discovered:
D:1:      minmay_arrival_hallway, layout_basic, serial_shops, shop
D:2:      minmay_thinvault, layout_basic
D:3:      layout_loops_corners, nicolae_ashenzari_skybound,
          nicolae_dithmenos_through_a_glass_darkly

Skill      XL: |  1  2  3  4  5 |
---------------+----------------+-----
Long Blades    | 3 |  3.2
Fighting       | 4 |  4.0
Armour         | |  3.9
Shields        | |  3.9

Action                     |  1- 3 |  4- 6 || total
---------------------------+-------+-------++-------
  Melee: Long sword        |    81 |   166 ||   247
   Stab: Sleeping          |       |    10 ||    10
 Armour: Scale mail        |    14 |       ||    14
         Chain mail        |    40 |       ||    40
         Leather armour    |    13 |   130 ||   143
  Dodge: Dodged            |    25 |    72 ||    97
  Block: Buckler           |    15 |    41 ||    56

Table legend: (Time is in decaauts)
 A = Elapsed time spent in this place.
 B = Non-inter-level travel time spent in this place.
 C = Inter-level travel time spent in this place.
 D = Time resting spent in this place.
 E = Time spent auto-exploring this place.
 F = Levels seen in this place.
 G = Mean time per level.
                   A        B        C        D        E       F      G
               +--------+--------+--------+--------+--------+-----+--------+
         Total |   2970 |   2879 |     91 |     97 |   2130 |   3 |  990.0 |
       Dungeon |   2970 |   2879 |     91 |     97 |   2130 |   3 |  990.0 |
               +--------+--------+--------+--------+--------+-----+--------+

Top non-repeatable levels by time:
     D:2: 1767 daAuts
     D:1: 720 daAuts
     D:3: 481 daAuts
